 Dungeon Crawl Stone Soup version 0.28.0-53-g5a82cb258f (webtiles) character file.

Game seed: 2947477591938439805

9 Duralumin the Firebug (level 2, 9/19 HPs)
             Began as a Demonspawn Fire Elementalist on June 11, 2022.
             Got out of the dungeon alive.
             The game lasted 00:02:37 (441 turns).

Duralumin the Firebug (Demonspawn Fire Elementalist) Turns: 441, Time: 00:02:37

Health: 9/19       AC:  2    Str:  8    XL:     2   Next: 3%
Magic:  1/5        EV: 12    Int: 16    God:
Gold:   13         SH:  0    Dex: 13    Spells: 4/5 levels left

rFire   . . .      SeeInvis .   (no weapon)
rCold   . . .      Faith    .   (no shield)
rNeg    . . .      Spirit   .   a - +0 robe
rPois   .          Reflect  .   (no helmet)
rElec   .          Harm     .   (no cloak)
rCorr   .          Rampage  .   (no gloves)
Will    .....                   (no boots)
Stlth   ++........              (no amulet)
HPRegen 0.06/turn               (no ring)
MPRegen 0.09/turn               (no ring)

@: no status effects
A: demonic touch 1
a: no special abilities


You escaped.
You visited 1 branch of the dungeon, and saw 1 of its levels.

You collected 13 gold pieces.

Inventory:

Armour
 a - a +0 robe (worn)
Potions
 b - a potion of berserk rage {unknown}


   Skills:
 - Level 1.7 Dodging
 - Level 1.7 Stealth
 + Level 2.2 Spellcasting
 + Level 1.3 Conjurations
 + Level 2.9 Fire Magic


You had 4 spell levels left.
You knew the following spells:

 Your Spells              Type           Power      Damage    Failure   Level
a - Foxfire               Conj/Fire      32%        2x1d5     9%          1

Your spell library contained the following spells:

 Spells                   Type           Power      Damage    Failure   Level
 Scorch                   Fire           22%        2d6       10%         2
 Conjure Flame            Conj/Fire      8%         6-21      26%         3
 Inner Flame              Hex/Fire       6%         N/A       32%         3
 Flame Wave               Conj/Fire      8%         2d5       63%         4


Dungeon Overview and Level Annotations

Branches:
Dungeon (1/15)

Altars:


Innate Abilities, Weirdness & Mutations

Your touch may inflict minor irresistible damage on your foes.


Message History

Your magical contamination has completely faded away.
You escape the ball python's grasp.
The ball python barely misses you. The ball python closely misses you.
The ball python bites you. The ball python barely misses you. x2
The ball python grabs you. The ball python constricts you.
You escape the ball python's grasp.
Casting: Foxfire (safe; 9% risk of failure)
Confirm with . or Enter, or press ? or * to list all spells.
You miscast Foxfire.
You are very lightly contaminated with residual magic.
Nothing appears to happen.
The ball python bites you. The ball python grabs you.
The ball python constricts you.
You escape the ball python's grasp.
The ball python bites you but does no damage.
The ball python barely misses you. The ball python barely misses you. x2
The ball python barely misses you. The ball python grabs you.
The ball python constricts you.
Your magical contamination has completely faded away.
You escape the ball python's grasp.
Casting: Foxfire (safe; 9% risk of failure)
Confirm with . or Enter, or press ? or * to list all spells.
You conjure some foxfire!
The foxfire hits the ball python.
The ball python is moderately wounded.
The foxfire hits the ball python.
You kill the ball python!
You have reached level 2!
Your demonic ancestry asserts itself...
Your hands begin to faintly glow with unholy energy.
You see here a +0 club.
There is an open door here.
You see here a ball python skeleton.
Saving game... please wait.
Welcome back, Duralumin the Demonspawn Fire Elementalist.
Press ? for a list of commands and other information.
There is a staircase leading out of the dungeon here.
Are you sure you want to leave the Dungeon?
This will make you lose the game! [Y]es or [N]o only, please.
Are you sure you want to leave the Dungeon?
This will make you lose the game!
You have escaped!

##.#######.#...#.................
..)...............).....##.##..##
......##..######.######...♣.≈....
......+..##≈≈≈≈#'#≈≈≈°##.......≈≈
......####☼≈≈≈≈#.#≈≈≈≈≈#.###..≈.≈
......# #○≈≈≈≈#.#≈≈≈≈≈#.≈≈.≈≈...
......# #≈≈#≈≈#.#≈≈#≈≈##.≈...≈.≈
......# #≈≈☼≈≈#.#°≈≈≈≈##..♣.♣.≈≈
......# #≈≈≈≈≈#@#≈≈°≈≈##.#.≈.≈.≈
####### #≈≈☼≈≈#.#≈≈≈≈≈##...≈..♣≈
#≈≈≈≈ #.# ≈≈≈≈##≈..≈.≈≈.
#≈≈#≈≈#.#≈≈#≈≈###≈.≈≈... #≈≈
≈○#.#≈≈ ≈≈# ##...... ≈≈≈#+#≈≈≈
#.####. #### #### #.. #. ##. #.
#.


There were no monsters in sight!

Vanquished Creatures
  2 goblins (D:1)
  A hobgoblin (D:1)
  A kobold (D:1)
  3 ball pythons (D:1)
7 creatures vanquished.

Vanquished Creatures (collateral kills)
  2 foxfires (D:1)
2 creatures vanquished.

Vanquished Creatures (others)
  17 foxfires (D:1)
17 creatures vanquished.

Grand Total: 26 creatures vanquished

Notes
Turn   | Place    | Note
-------+----------+-------------------------------------------
     0 | D:1      | Duralumin the Demonspawn Fire Elementalist began the quest
                  | for the Orb.
     0 | D:1      | Reached XP level 1. HP: 13/13 MP: 3/3
   362 | D:1      | Found a faded altar of an unknown god.
   429 | D:1      | Gained mutation: Your touch may inflict minor irresistible
                  | damage on your foes. [demonic ancestry]
   429 | D:1      | Reached XP level 2. HP: 9/19 MP: 0/5
   441 | D:$      | Got out of the dungeon alive.

Illustrated notes

Levels and vault maps discovered:
D:1:      saegor_arrival_miasma, layout_basic, serial_forest,
          infiniplex_forest_straight_4, infiniplex_forest_end_2,
          infiniplex_forest_lined_3_way, infiniplex_forest_lined_room_,
          basic_ecumenical_altar, minmay_parallelograms,
          chequers_serial_rivers_marsh

Action                   || total
-------------------------++-------
Melee: Unarmed           ||     2
 Cast: Foxfire           ||    15
Armor: Robe              ||     3
Dodge: Dodged            ||    15
